AoeStats
← CoutKeCout

Arena

506849707Analyzed
2v2 RM · 16d ago on Sep 15, 2026· 28m 40s· 4 players
Game mode
Random Map
Map size
Medium (4 player)
Population
200
Speed
Normal
Resources
Standard
Victory
Conquest
Starting age
Dark Age
Ending age
Imperial Age
RankedLock teamsTeams togetherTeam positionsShared explorationLock speedFull tech treeHidden civsTurbo modeCheats
Victory
Defeat
🇫🇷 Bohemians · France
891
+15
🇵🇪 Inca · Peru
887
+15
🇨🇱 Khmer · Chile
888
-16
🇨🇱 Wei · Chile
843
-14
La Kobra
5:48 Loom
11:54 Feudal Age
18:35 Castle Age
16:46 Horse Collar
16:53 Double-Bit Axe
18:19 Stone Mining
18:22 Gold Mining
22:56 Heavy Plow
23:27 Bow Saw
Memobunke
0:32 Loom
10:12 Feudal Age
10:39 Horse Collar
11:30 Double-Bit Axe
18:19 Castle Age
17:14 Gold Mining
21:28 Bow Saw
21:56 Heavy Plow
23:10 Gold Shaft Mining
23:40 Stone Mining
25:05 Stone Shaft Mining
27:22 Fletching
CoutKeCout
3:50 Loom
10:33 Feudal Age
15:10 Castle Age
14:59 Double-Bit Axe
17:23 Bow Saw
Juminican
10:42 Loom
12:27 Feudal Age
13:37 Horse Collar
13:45 Double-Bit Axe
13:52 Gold Mining
13:53 Stone Mining
18:30 Castle Age
17:24 Forging
17:15 Scale Mail Armor
20:23 Fletching
20:57 Champi Runner
21:24 Arson
27:22 Heavy Plow
Connection lost

Rejoining the realm…

Still unreachable

The connection could not be restored.

Session expired

The server has moved on; the page needs a fresh start.